 Dungeon Crawl Stone Soup version 0.30-a0-6-g7c9e10e132 (webtiles) character file.

Game seed: 9786116285351832546

138385 Sobieck the Earth Mage (level 16, -8/80 HPs)
             Began as a Spriggan Earth Elementalist on Aug 22, 2022.
             Was the Champion of Vehumet.
             Shot with a bolt by Vashnia (23 damage)
             ... on level 4 of the Snake Pit.
             The game lasted 02:12:14 (47084 turns).

Sobieck the Earth Mage (SpEE)                      Turns: 47084, Time: 02:12:15

Health: -8/80      AC: 11    Str:  4    XL:     16   Next: 71%
Magic:  34/36      EV: 31    Int: 23    God:    Vehumet [******]
Gold:   195        SH:  5    Dex: 21    Spells: 3/46 levels left

rFire   + . .      SeeInvis +    a - +7 Spriggan's Knife {stab, EV+4 Stlth+}
rCold   . . .      Faith    .    (no shield)
rNeg    . . .      Spirit   .    h - +2 robe {Archmagi}
rPois   .          Reflect  +    R - +0 hat
rElec   +          Harm     .    z - +2 cloak
rCorr   .          Rampage  .    (gloves unavailable)
Will    ++...      Archmagi +    (boots unavailable)
Stlth   ++++++++..               p - amulet of reflection
HPRegen 0.23/turn                u - ring of protection from fire
MPRegen 0.25/turn                M - ring of Nidworox {rElec AC+4 Dex+4}

@: lethally poisoned (-8 -> -17), studying Spellcasting, very quick
A: very small, no large weapons, unfitting armour, see invisible, speed 3
a: Renounce Religion


You were on level 4 of the Snake Pit.
You worshipped Vehumet.
Vehumet was exalted by your worship.
You visited 5 branches of the dungeon, and saw 27 of its levels.

You collected 2414 gold pieces.
You spent 2219 gold pieces at shops.


Innate Abilities, Weirdness & Mutations

You are very small and have problems with some larger weapons.
You are too small for most types of armour.
You have supernaturally acute eyesight. (SInv)
You cover ground extremely quickly. (Speed+++)


   Skills:
 - Level 7.0 Fighting
 - Level 2.0 Short Blades
 - Level 11.8 Dodging
 - Level 17.0 Stealth
 + Level 15.5 Spellcasting
 - Level 9.0 Conjurations
 - Level 5.0 Necromancy
 - Level 1.3 Transmutations
 * Level 18.3 Earth Magic


You had 3 spell levels left.
You knew the following spells:

 Your Spells              Type           Power      Damage    Failure   Level
a - Sandblast             Erth           100%       2d20      0%          1
b - Passwall              Tmut/Erth      63%        N/A       1%          2
c - Stone Arrow           Conj/Erth      100%       3d13      1%          3
d - Iron Shot             Conj/Erth      44%        9d9       1%          6
e - Lee's Rapid Deconstr  Erth           50%        3d25*     1%          5
f - Iskenderun's Battles  Conj           73%        2d12      1%          5
g - Borgnjor's Vile Clut  Necr/Erth      41%        N/A       1%          5
h - Orb of Destruction    Conj           36%        9d11      17%         7
i - Shatter               Erth           50%        3d38*     38%         9

Your spell library contained the following spells:

 Spells                   Type           Power      Damage    Failure   Level
 Fire Storm               Conj/Fire      27%        8d7       100%        9
 Polar Vortex             Ice            13%        N/A       100%        9
 Poisonous Vapours        Pois/Air       52%        N/A       1%          2
 Scorch                   Fire           52%        2d8       1%          2
 Sublimation of Blood     Necr           57%        N/A       1%          2
 Conjure Flame            Conj/Fire      55%        6-21      1%          3
 Ignite Poison            Fire/Tmut/Pois 29%        N/A       2%          3
 Animate Armour           Summ/Erth      100%       N/A       1%          4
 Flame Wave               Conj/Fire      55%        2d13      1%          4
 Petrify                  Tmut/Erth      76%        N/A       1%          4
 Sticky Flame             Conj/Fire      55%        2d7       1%          4
 Irradiate                Conj/Tmut      29%        3d21      3%          5
 Dispel Undead            Necr           57%        3d20      4%          4
 Fireball                 Conj/Fire      27%        3d12      4%          5
 Statue Form              Tmut/Erth      50%        N/A       9%          6
 Corpse Rot               Necr/Pois/Air  38%        N/A       16%         4
 Conjure Ball Lightning   Conj/Air       27%        3x3d8     21%         6
 Starburst                Conj/Fire      27%        6d9       21%         6
 Lehudib's Crystal Spear  Conj/Erth      44%        10d11     21%         8
 Blade Hands              Tmut           18%        N/A       45%         5
 Death Channel            Necr           28%        N/A       54%         6
 Alistair's Intoxication  Tmut/Pois      20%        N/A       56%         5
 Eringya's Noxious Bog    Tmut/Pois      15%        N/A       65%         6
 Summon Cactus Giant      Summ           13%        N/A       99%         6
 Ignition                 Fire           13%        3d6       100%        8

Inventory:

Hand Weapons
 a - the +7 Spriggan's Knife (weapon) {stab, EV+4 Stlth+}
   (You found it on level 2 of the Orcish Mines)

   It is more effective when stabbing unaware enemies, sometimes treating them
   as though they were completely helpless.
   EV:        It affects your evasion (+4).
   Stlth:     It makes you more stealthy.
Missiles
 g - 2 silver boomerangs {throwing}
 y - 28 poisoned darts {throwing}
 C - 29 boomerangs {throwing}
 D - 4 throwing nets {=f!fthrowing}
Armour
 h - a +2 robe of the Archmagi (worn)
   (You took it off an orc sorcerer on level 2 of the Orcish Mines)
 z - a +2 cloak (worn)
   (You found it on level 4 of the Dungeon)
 R - a +0 hat (worn)
   (You bought it in a shop on level 2 of the Orcish Mines)
 U - a +0 buckler of protection
   (You bought it in a shop on level 3 of the Snake Pit)
Magical Staves
 b - a staff of earth {!astaff}
   (You found it on level 1 of the Dungeon)
Jewellery
 e - a ring of ice
   (You found it on level 2 of the Snake Pit)
 j - a ring of positive energy
   (You took it off a naga warrior on level 3 of the Snake Pit)
 p - an amulet of reflection (around neck)
   (You found it on level 3 of the Lair of Beasts)
 u - a ring of protection from fire (left hand)
   (You found it on level 2 of the Dungeon)
 x - a +4 ring of slaying
   (You found it on level 3 of the Dungeon)
 G - an amulet of regeneration {@e2}
   (You found it on level 9 of the Dungeon)
 H - a ring of resist corrosion
   (You found it on level 5 of the Dungeon)
 M - the ring of Nidworox (right hand) {rElec AC+4 Dex+4}
   (You found it on level 10 of the Dungeon)

   [ring of protection]

   AC:        It affects your AC (+4).
   Dex:       It affects your dexterity (+4).
   rElec:     It insulates you from electricity.
 Q - the ring of Wifen {Wiz rF- rN+ Str+2 Dex+5}
   (You found it on level 3 of the Lair of Beasts)

   [ring of wizardry]

   It improves your spell success rate.
   Str:       It affects your strength (+2).
   Dex:       It affects your dexterity (+5).
   rF:        It makes you vulnerable to fire.
   rN:        It protects you from negative energy.
 T - a +6 ring of strength
   (You found it on level 5 of the Lair of Beasts)
 V - a +6 ring of dexterity
   (You found it on level 1 of the Lair of Beasts)
Wands
 c - a wand of roots (9)
   (You found it on level 5 of the Dungeon)
 r - a wand of flame (58)
   (You found it on level 5 of the Dungeon)
 P - a wand of charming (20)
   (You found it on level 6 of the Dungeon)
 Z - a wand of light (10)
   (You found it on level 1 of the Snake Pit)
Scrolls
 f - 2 scrolls of butterflies
 i - 6 scrolls of vulnerability {!r!r}
 t - 5 scrolls of poison {!r}
 A - 4 scrolls of blinking {!r}
 J - 4 scrolls of fear
 K - a scroll of summoning
 N - 8 scrolls of teleportation {@r4}
 O - 7 scrolls of identify {@r1}
 S - a scroll of magic mapping {!r}
Potions
 d - 6 potions of heal wounds {@q2}
 k - 3 potions of brilliance
 l - 5 potions of invisibility
 m - 4 potions of lignification {!q}
 n - 6 potions of magic
 q - 4 potions of haste {@q3}
 s - 6 potions of flight
 v - 9 potions of curing {@q1}
 w - 5 potions of might
 F - 3 potions of attraction {!q}
 I - 2 potions of cancellation
 L - 2 potions of resistance
 W - 2 potions of mutation {!q}
Miscellaneous
 o - a lightning rod (4/4)
   (You found it on level 11 of the Dungeon)
 B - a piece from Xom's chessboard (15/15)
   (You found it on level 14 of the Dungeon)
 E - a tin of tremorstones (2/2) {throwing}
   (You found it on level 11 of the Dungeon)
 X - a phantom mirror
   (You found it on level 5 of the Lair of Beasts)
 Y - a phial of floods
   (You found it on level 5 of the Lair of Beasts)

Dungeon Overview and Level Annotations

Branches:
Dungeon (15/15) Zot: 26686  Temple (1/1) D:5 Zot: 5975    Lair (5/5) D:9 Zot: 18745
  Swamp (0/4) Lair:3        Snake (4/4) Lair:3 Zot: 19109   Slime (0/5) Lair:5
    Orc (2/2) D:10 Zot: 7549     Elf (0/3) Orc:2        Vaults (0/5) D:14
 Depths: D:15

Altars:
Ashenzari
Cheibriados
Dithmenos
Elyvilon
Fedhas
Hepliaklqana
Kikubaaqudgha
Makhleb
Qazlal
Ru
Sif Muna
Uskayaw
Vehumet
Wu Jian
Xom
Yredelemnul
Zin
The Shining One
Jiyva

Shops:
D:1 (   D:7 *   Orc:1 :   Orc:2 ((**   Snake:3 *[[(

Annotations:
D:7 exclusions: door and electric eel
D:14 3 runed translucent doors, Muhies's ghost, journeyman TrAr
Snake:3 exclusion: downstairs
Snake:4 Vashnia

###...##
##..#...##
#.N.).#...##
#......#...#
#.......###......
#......... #.....
...........#
...#.#
#..........##
S### #
#...N.N....@# #
.N......#
........#
....S..## .......
......# ......
......


You could see Vashnia (catching breath), 3 naga sharpshooters and a shock
serpent.


Message History

The helpless naga sharpshooter fails to defend itself.
You stick the naga sharpshooter like a pincushion!!!!
You kill the naga sharpshooter!
Vehumet accepts your kill.
You feel your power returning.
Danger!
The naga sharpshooter shouts!
Unknown command.
The naga sharpshooter unwields a +0 hand axe.
The naga sharpshooter wields a +0 shortbow.
The naga sharpshooter shoots an arrow.
The arrow misses you.
Unknown command.
There is an escape hatch in the ceiling here.
Unknown command.
Unknown command.
Unknown command.
A mysterious force pulls you upwards. The hatch slams shut behind you.
Level annotation: exclusion: downstairs Unknown command.
Things that are here:
5 scrolls of noise {!r}; a +0 robe; a +0 mace {mace}
Things that are here:
a +0 robe; a +0 short sword {short}
Things that are here:
a +0 spear {polearm}; a +0 robe; a +0 scimitar {long}
There is a stone staircase leading down here.
You climb downwards.
Level annotation: Vashnia
There is a stone staircase leading up here.
Unknown command.
Casting: Passwall (safe; 1% risk of failure)
Confirm with . or Enter, or press ? or * to list all spells.
Aiming: Passwall (safe; 1% risk of failure)
Press: ? - help, Dir - move target A rock wall.
You feel a surge of power!
You begin to meditate on the wall.
You continue meditating on the rock. x5
You finish merging with the rock.
Danger!
Unknown command.
Casting: Passwall (safe; 1% risk of failure)
Confirm with . or Enter, or press ? or * to list all spells.
Aiming: Passwall (safe; 1% risk of failure)
Press: ? - help, Dir - move target A rock wall.
You feel a surge of power!
You begin to meditate on the wall.
You continue meditating on the rock. x5
You finish merging with the rock.
Danger!
Casting: Passwall (safe; 1% risk of failure)
Confirm with . or Enter, or press ? or * to list all spells.
Aiming: Passwall (safe; 1% risk of failure)
Press: ? - help, Dir - move target A rock wall.
You feel a surge of power!
The shock serpent hisses angrily.
The naga sharpshooter spits poison at you.
The splash of poison misses you. Vashnia spits poison at you.
The splash of poison hits you.
You are poisoned.
You begin to meditate on the wall.
You continue meditating on the rock.
You feel very sick.
The shock serpent shoots out a bolt of lightning at you!
The bolt of electricity hits you. You resist. The bolt of electricity hits you!
You resist.
The naga sharpshooter unwields a +0 trident.
The naga sharpshooter wields a +0 shortbow.
The naga sharpshooter shoots an arrow.
The arrow completely misses you.
Vashnia glares at her squad, motioning for silence.
Vashnia unwields a +0 vorpal flail.
Vashnia wields a +5 arbalest of freezing.
It is covered in frost.
Vashnia shoots a bolt.
The bolt barely misses you.
The naga sharpshooter spits poison at you.
The splash of poison hits you but does no damage.
You are more poisoned.
The naga sharpshooter shouts!
You continue meditating on the rock.
You feel very sick.
The naga sharpshooter shoots an arrow.
The arrow hits you!
The naga sharpshooter shoots an arrow.
The arrow hits you!!
* * * LOW HITPOINT WARNING * * *
Vashnia shoots a bolt.
The bolt completely misses you.
The shock serpent shoots out a bolt of lightning at you!
The bolt of electricity hits you! You resist.
* * * LOW HITPOINT WARNING * * *
The bolt of electricity hits you. You resist.
* * * LOW HITPOINT WARNING * * *
The naga sharpshooter unwields a +0 mace.
The naga sharpshooter wields a +0 longbow.
The naga sharpshooter casts a spell.
The naga sharpshooter magically shoots an arrow.
The arrow closely misses you.
You continue meditating on the rock.
You feel very sick.
The naga sharpshooter shoots an arrow.
The arrow barely misses you.
The naga sharpshooter gestures wildly while chanting.
The naga sharpshooter magically shoots an arrow.
The arrow completely misses you.
Vashnia shoots a bolt.
The bolt hits you!!
You die...

Skill      XL: |  1  2  3  4  5  6  7  8  9 10 11 12 13 14 15 16 |
---------------+-------------------------------------------------+-----
Spellcasting   | 3 4 5 6 8 9 11 12 15 | 15.5
Short Blades   | 1 2 |  2.0
Earth Magic    | 3 4 5 6 7 8 10 13 15 16 17 18 | 18.3
Stealth        | 4 5 6 7 8 10 15 17 | 17.0
Conjurations   | 4 6 9 |  9.0
Necromancy     | 5 |  5.0
Dodging        | 3 7 10 11 | 11.8
Fighting       | 1 4 6 7 |  7.0
Transmutations | |  1.3

Action                   |  1- 3 |  4- 6 |  7- 9 | 10-12 | 13-15 | 16-18 || total
-------------------------+-------+-------+-------+-------+-------+-------++-------
Melee: Short sword       |    11 |       |       |       |       |       ||    11
       Dagger            |     1 |    12 |    12 |    13 |    11 |       ||    49
       Knife             |       |       |       |       |    19 |    15 ||    34
 Cast: Sandblast         |    65 |    76 |   158 |   163 |    15 |     2 ||   479
       Passwall          |       |     7 |     5 |     5 |    20 |    21 ||    58
       Stone Arrow       |       |       |     2 |    91 |   628 |   116 ||   837
       Lee's Rapid Decon |       |       |       |    92 |    50 |    28 ||   170
       Iron Shot         |       |       |       |    12 |   120 |    22 ||   154
       Borgnjor's Vile C |       |       |       |       |    76 |     3 ||    79
       Conjure Ball Ligh |       |       |       |       |     1 |       ||     1
       Iskenderun's Batt |       |       |       |       |    13 |    22 ||    35
  Use: Scroll            |       |    18 |       |    10 |     3 |     1 ||    32
       Potion            |       |       |       |     1 |     1 |       ||     2
 Stab: Sleeping          |       |    12 |     9 |    10 |    20 |    14 ||    65
Armor: Robe              |    15 |     2 |     3 |    12 |    28 |    12 ||    72
Dodge: Dodged            |    54 |    31 |    49 |    77 |   149 |    67 ||   427
Block: Other             |       |       |       |       |    46 |     8 ||    54
       Reflection        |       |       |       |       |     6 |     8 ||    14
       Buckler           |       |       |       |       |       |    20 ||    20

Levels and vault maps discovered:
D:1:      dpeg_arrival_court, layout_basic, serial_shops,
          nicolae_shop_waterfront
D:2:      layout_loops_ring, basic_altar,
          shapermc_ecumenical_altar_mp_highgroup, st_stairs_12, dk_vineyard_2,
          minivault_11, uniq_terence
D:3:      minmay_diamond_boxcup, layout_loops_ring,
          mainiacjoe_overflow_cross_hatched, due_unseen_surprise
D:4:      layout_loops_ring, dancing_weapons_uskayaw, uniq_blork_the_orc
D:5:      layout_cave_pods, nicolae_ashenzari_skybound, lemuel_doored_altar,
          lemuel_tele_altar, minmay_temple_entry_glass
D:6:      layout_basic, grunt_dithmenos_smoke_and_mirrors, zin_scriptorium
D:7:      cheibrodos_two_vegetables, layout_basic, kennysheep_slug_shrine,
          enter_bailey_4, nicolae_elemental_shop, nicolae_titane
D:8:      layout_basic, overflow_temple_1_default, nicolae_sextant,
          minmay_hedge_maze, minivault_21
D:9:      layout_basic, david_lair_shrubbed
D:10:     layout_long_grid, marbit_many_paths, led_sif_pool, david_orc_4
D:11:     layout_rooms, uniq_harold
D:12:     layout_grid_maze, chequers_serial_rivers_micro_b,
          hangedman_decor_riveting, uniq_nessos, uniq_urug, uniq_azrael
D:13:     layout_irregular_city, portal_ice_cave_rime, uniq_snorg
D:14:     wad_pebble_path, layout_long_grid, erik_vaults_1, serial_park_square2,
          gammafunk_ghost_spectres, hangedman_decor_push, minivault_5
D:15:     grunt_enter_depths_hoard, layout_basic, nicolae_two_hexagons,
          serial_park_tiny_1, uniq_louise, uniq_josephine, uniq_jorgrun
Temple:   chequers_temple_sunken
Lair:1:   layout_cave_pods, st_stairs_4
Lair:2:   layout_cave_shapes, bobbens_dragon_lair_wall, grunt_megastairs_5,
          serial_bayou_shore_b, lemuel_fruit_fields, serial_bayou_shore_a
Lair:3:   layout_loops_ring, nicolae_swamp_entry_splash_gauntlet,
          minmay_snake_entry_guardpost_small, gammafunk_ghost_hydra_chop,
          beast_lair_carwin_9, uniq_kirke
Lair:4:   layout_hall_layers, hibernation_bobbens
Lair:5:   minmay_lair_end_frog_pond, layout_cave_pods,
          nicolae_slime_entry_slimehenge, lemuel_fruit_fields,
          infiniplex_staircase_pool_2, serial_bayou_shore_b
Snake:1:  layout_layer_cave, serial_shops, shop_coins
Snake:2:  layout_onion_interference, grunt_ministairs_12
Snake:3:  layout_misc_corridors, minmay_shop_grid_forest, hangedman_venom_bottle
Snake:4:  hellmonk_snake_rune_quicksilver_temple, layout_cave_pods,
          grunt_megastairs_2, uniq_vashnia, uniq_roxanne, uniq_agnes
Orc:1:    layout_caves, nicolae_shop_self_help
Orc:2:    pubby_orc_utopia

Notes
Turn   | Place    | Note
-------+----------+-------------------------------------------
     0 | D:1      | Sobieck the Spriggan Earth Elementalist began the quest for
                  | the Orb.
     0 | D:1      | Reached XP level 1. HP: 9/9 MP: 5/5
   185 | D:1      | Reached XP level 2. HP: 12/13 MP: 1/6
   190 | D:1      | Reached skill level 3 in Spellcasting
   341 | D:1      | Learned a level 2 spell: Passwall
   444 | D:1      | Reached skill level 1 in Short Blades
   489 | D:1      | Reached skill level 3 in Earth Magic
   591 | D:1      | Reached XP level 3. HP: 16/16 MP: 4/8
   932 | D:1      | Found Gifa's Weapon Shoppe.
   981 | D:2      | Reached skill level 4 in Stealth
  1091 | D:2      | Learned a level 3 spell: Stone Arrow
  1387 | D:2      | Found a faded altar of an unknown god.
  1522 | D:2      | Noticed Terence
  1523 | D:2      | Found a shimmering blue altar of Sif Muna.
  1545 | D:2      | Killed Terence
  1546 | D:2      | Reached XP level 4. HP: 21/21 MP: 4/10
  2006 | D:3      | You pick up a book of Vapours and begin reading...
  2006 | D:3      | You add the spells Poisonous Vapours and Corpse Rot to your
                  | library.
  2102 | D:3      | Found a shimmering altar of Xom.
  2353 | D:3      | Reached skill level 2 in Short Blades
  2665 | D:3      | Reached skill level 5 in Stealth
  2665 | D:3      | Reached skill level 4 in Spellcasting
  2665 | D:3      | Reached XP level 5. HP: 24/24 MP: 7/12
  3035 | D:4      | Noticed Blork the orc
  3042 | D:4      | Killed Blork the orc
  3073 | D:4      | Noticed a +0 dagger
  3074 | D:4      | Noticed a +0 dagger
  3077 | D:4      | Found a hide-covered altar of Uskayaw.
  3818 | D:5      | Entered Level 5 of the Dungeon
  3958 | D:5      | Found a staircase to the Ecumenical Temple.
  3968 | Temple   | Entered the Ecumenical Temple
  3987 | Temple   | Became a worshipper of Vehumet
  4006 | D:5      | Reached skill level 4 in Earth Magic
  4060 | D:5      | Noticed an ice beast
  4107 | D:4      | Killed an ice beast
  4108 | D:4      | Reached skill level 6 in Stealth
  4108 | D:4      | Reached skill level 5 in Spellcasting
  4108 | D:4      | Reached XP level 6. HP: 28/28 MP: 9/14
  4239 | D:5      | Found a blossoming altar of Fedhas.
  4398 | D:5      | Found a white marble altar of Elyvilon.
  4528 | D:5      | Found a broken altar of Ashenzari.
  4533 | D:5      | Reached skill level 7 in Stealth
  4713 | D:5      | Reached XP level 7. HP: 32/32 MP: 14/16
  4871 | D:5      | Reached * piety under Vehumet
  4871 | D:5      | Offered knowledge of Shock by Vehumet.
  5268 | D:6      | Reached skill level 6 in Spellcasting
  5358 | D:6      | Reached skill level 5 in Earth Magic
  5405 | D:6      | Reached skill level 8 in Stealth
  5848 | D:6      | Found a shadowy altar of Dithmenos.
  6205 | D:6      | Reached XP level 8. HP: 36/36 MP: 14/19
  6439 | D:6      | Found a glowing silver altar of Zin.
  6721 | D:6      | Reached skill level 9 in Stealth
  6721 | D:6      | Reached skill level 7 in Spellcasting
  6919 | D:7      | Found a snail-covered altar of Cheibriados.
  6991 | D:7      | Found Irutoyrr's Elemental Accessories.
  7225 | D:7      | Reached ** piety under Vehumet
  7226 | D:7      | Reached skill level 6 in Earth Magic
  7260 | D:7      | Offered knowledge of Freeze by Vehumet.
  7265 | D:7      | Reached skill level 10 in Stealth
  7359 | D:7      | Found a flagged portal.
  7644 | D:7      | Reached skill level 8 in Spellcasting
  7850 | D:7      | Reached XP level 9. HP: 39/39 MP: 19/22
  8040 | D:7      | You pick up a book of Geomancy and begin reading...
  8105 | D:7      | Reached skill level 11 in Stealth
  8412 | D:8      | You pick up a book of Decay and begin reading...
  8412 | D:8      | You add the spells Dispel Undead and Death Channel to your
                  | library.
  8606 | D:8      | Reached skill level 7 in Earth Magic
  8657 | D:8      | Reached skill level 9 in Spellcasting
  8661 | D:8      | Reached skill level 12 in Stealth
  8800 | D:8      | Noticed a two-headed ogre
  8838 | D:8      | Killed a two-headed ogre
  8838 | D:8      | Offered knowledge of Static Discharge by Vehumet.
  8839 | D:8      | Reached skill level 14 in Stealth
  9018 | D:8      | Reached skill level 15 in Stealth
  9335 | D:8      | Reached XP level 10. HP: 44/44 MP: 21/24
  9370 | D:8      | Found a glowing golden altar of the Shining One.
  9479 | D:8      | Reached skill level 16 in Stealth
  9514 | D:8      | Reached *** piety under Vehumet
 10165 | D:9      | Reached skill level 17 in Stealth
 10237 | D:9      | Reached skill level 1 in Conjurations
 10243 | D:9      | Offered knowledge of Mephitic Cloud by Vehumet.
 10601 | D:9      | Reached skill level 2 in Conjurations
 10642 | D:9      | Reached skill level 8 in Earth Magic
 10822 | D:7      | Bought Lulahem's Spellbook of Silt for 572 gold pieces
 10822 | D:7      | You add the spells Lee's Rapid Deconstruction and Iron Shot
                  | to your library.
 10829 | D:7      | Learned a level 6 spell: Iron Shot
 10835 | D:7      | Learned a level 5 spell: Lee's Rapid Deconstruction
 10914 | D:9      | Reached skill level 3 in Conjurations
 11354 | D:9      | Found a staircase to the Lair.
 11720 | D:9      | Reached **** piety under Vehumet
 11725 | D:9      | Offered knowledge of Lightning Bolt by Vehumet.
 11952 | D:10     | Entered Level 10 of the Dungeon
 12063 | D:10     | Reached skill level 4 in Conjurations
 12239 | D:10     | Reached XP level 11. HP: 47/47 MP: 7/25
 12866 | D:10     | Reached skill level 9 in Earth Magic
 13253 | D:10     | Identified the ring of Nidworox {rElec AC+4 Dex+4}
 13280 | D:10     | Reached ***** piety under Vehumet
 13319 | D:10     | Offered knowledge of Conjure Ball Lightning by Vehumet.
 13320 | D:10     | Reached skill level 5 in Conjurations
 13335 | D:10     | Learned a level 6 spell: Conjure Ball Lightning
 13450 | D:10     | You pick up a book of Scorching and begin reading...
 13450 | D:10     | You add the spells Scorch, Flame Wave and Summon Cactus
                  | Giant to your library.
 13565 | D:10     | Found a shimmering blue altar of Sif Muna.
 13629 | D:10     | Found a sacrificial altar of Ru.
 13824 | D:10     | Found a staircase to the Orcish Mines.
 14080 | D:11     | Noticed Harold
 14163 | Lair:1   | Entered Level 1 of the Lair of Beasts
 14420 | Lair:1   | Reached skill level 10 in Earth Magic
 14500 | Lair:1   | Reached skill level 6 in Conjurations
 15447 | Lair:2   | Reached XP level 12. HP: 51/51 MP: 15/26
 15451 | Lair:2   | Reached skill level 7 in Conjurations
 15451 | Lair:2   | Reached skill level 11 in Earth Magic
 15643 | Lair:2   | HP: 2/51 [rime drake/flash freeze (22)]
 16467 | Lair:2   | Noticed a six-headed hydra
 16816 | Lair:2   | Killed a six-headed hydra
 16817 | Lair:2   | Reached skill level 8 in Conjurations
 17069 | Lair:2   | Reached skill level 12 in Earth Magic
 17883 | Lair:2   | Offered knowledge of Sticky Flame by Vehumet.
 18433 | Lair:2   | Identified the +7 plate armour "Puacin" {rElec}
 18708 | Lair:3   | Reached skill level 9 in Conjurations
 18921 | Lair:3   | Found a staircase to the Snake Pit.
 18953 | Lair:3   | Noticed Kirke
 18965 | Lair:3   | Killed Kirke
 18966 | Lair:3   | Reached skill level 13 in Earth Magic
 18966 | Lair:3   | Reached XP level 13. HP: 55/55 MP: 12/27
 19333 | Lair:3   | Found a runed translucent gate.
 19338 | Lair:3   | Found a runed translucent gate.
 19342 | Lair:3   | Found a runed translucent gate.
 19343 | Lair:3   | Noticed themarg's ghost (journeyman MfSu)
 19579 | Lair:3   | You add the spells Alistair's Intoxication, Borgnjor's Vile
                  | Clutch and Eringya's Noxious Bog to your library.
 19586 | Lair:3   | Learned a level 5 spell: Borgnjor's Vile Clutch
 19650 | Lair:3   | Reached skill level 1 in Necromancy
 20075 | Lair:3   | Reached skill level 2 in Necromancy
 20611 | Lair:3   | Found a staircase to the Swamp.
 20817 | Lair:3   | Reached skill level 3 in Necromancy
 21119 | Lair:3   | Identified the +9 war axe of Foolhardiness {protect, *Noise
                  | +Blink rPois}
 21124 | Lair:3   | Identified the ring of Wifen {Wiz rF- rN+ Str+2 Dex+5}
 21132 | Lair:3   | Identified the +2 robe of Watchfulness {rC- Int+3}
 21134 | Lair:3   | You pick up a book of Armaments and begin reading...
 21134 | Lair:3   | You add the spells Animate Armour and Lehudib's Crystal
                  | Spear to your library.
 21171 | Lair:4   | Reached skill level 14 in Earth Magic
 21304 | Lair:3   | HP: 13/55 [black mamba (9)]
 21316 | Lair:3   | HP: 13/55 [poisoned by a black mamba]
 21321 | Lair:3   | HP: 10/55 [poisoned by a black mamba]
 21745 | Lair:3   | Killed themarg's ghost
 21746 | Lair:3   | Reached skill level 4 in Necromancy
 22002 | Lair:4   | Identified the +0 chain mail of the Watchman {+Blink}
 22597 | Lair:4   | Reached skill level 5 in Necromancy
 23069 | Lair:5   | Entered Level 5 of the Lair of Beasts
 23673 | Lair:4   | Offered knowledge of Yara's Violent Unravelling by Vehumet.
 23674 | Lair:4   | Reached skill level 15 in Earth Magic
 23949 | Lair:5   | Reached skill level 3 in Dodging
 24393 | Lair:5   | Reached skill level 1 in Fighting
 24393 | Lair:5   | Reached XP level 14. HP: 58/61 MP: 5/28
 25048 | Lair:5   | Reached skill level 4 in Dodging
 25682 | Lair:5   | Reached skill level 2 in Fighting
 26322 | Lair:5   | Reached skill level 5 in Dodging
 26634 | Lair:5   | Found a staircase to the Slime Pits.
 26634 | Lair:5   | Found a viscous altar of Jiyva.
 27332 | D:11     | Killed Harold
 27333 | D:11     | Reached skill level 10 in Spellcasting
 27634 | D:11     | Reached skill level 3 in Fighting
 27981 | D:12     | Noticed Urug
 28002 | D:12     | Killed Urug
 28054 | D:12     | Noticed Nessos
 28154 | D:12     | Killed Nessos
 28155 | D:12     | Reached skill level 6 in Dodging
 28356 | D:12     | Offered knowledge of Ozocubu's Refrigeration by Vehumet.
 28720 | D:12     | Noticed Azrael
 29727 | D:12     | Killed Azrael
 29728 | D:12     | Reached skill level 16 in Earth Magic
 30386 | D:13     | Noticed Snorg
 30390 | D:13     | Killed Snorg
 30688 | D:13     | Reached skill level 7 in Dodging
 30831 | D:13     | Reached skill level 4 in Fighting
 32138 | D:13     | Reached skill level 11 in Spellcasting
 32188 | D:13     | You pick up a book of Fire and begin reading...
 32188 | D:13     | You add the spells Fireball, Starburst and Ignition to your
                  | library.
 32320 | D:14     | Reached XP level 15. HP: 70/70 MP: 10/31
 32568 | D:14     | Found a runed translucent gate.
 32568 | D:14     | Found a runed translucent gate.
 32568 | D:14     | Found a runed translucent gate.
 32573 | D:14     | Noticed Muhies's ghost (journeyman TrAr)
 33224 | D:14     | Reached skill level 8 in Dodging
 33944 | D:14     | Found a gate to the Vaults.
 34248 | D:14     | Noticed a storm dragon
 34448 | D:14     | Reached skill level 5 in Fighting
 34934 | D:15     | Entered Level 15 of the Dungeon
 34957 | D:14     | Noticed a fire giant
 35059 | Orc:1    | Entered Level 1 of the Orcish Mines
 35534 | Orc:1    | Found Hazak's Self-Improvement Boutique.
 35928 | Orc:2    | Entered Level 2 of the Orcish Mines
 36629 | Orc:2    | Offered knowledge of Spellforged Servitor by Vehumet.
 37189 | Orc:2    | Reached skill level 9 in Dodging
 37559 | Orc:2    | Reached skill level 17 in Earth Magic
 37683 | Orc:2    | Found Roeriosagi's General Store.
 37769 | Orc:2    | Found Lenecwo's General Store.
 38307 | Orc:2    | Noticed an orc warlord
 38506 | Orc:2    | Killed an orc warlord
 38507 | Orc:2    | Reached skill level 12 in Spellcasting
 38508 | Orc:2    | Identified a +2 robe of the Archmagi
 38684 | Orc:2    | Offered knowledge of Iskenderun's Battlesphere by Vehumet.
 38693 | Orc:2    | Learned a level 5 spell: Iskenderun's Battlesphere
 39156 | Orc:2    | Found Vater's Antique Weapon Emporium.
 39320 | Orc:2    | Found Dumirure's Weapon Boutique.
 39633 | Orc:2    | Found the +7 Spriggan's Knife {stab, EV+4 Stlth+}
 39988 | Orc:2    | Found a staircase to the Elven Halls.
 40362 | Snake:1  | Entered Level 1 of the Snake Pit
 40617 | Snake:1  | Reached skill level 6 in Fighting
 40669 | Lair:3   | Offered knowledge of Orb of Destruction by Vehumet.
 40670 | Lair:3   | Reached skill level 10 in Dodging
 40745 | Lair:3   | Learned a level 7 spell: Orb of Destruction
 40963 | Snake:1  | Found Noxoj's Magic Scroll Boutique.
 41843 | Snake:2  | Noticed a nagaraja
 41984 | Snake:2  | Reached XP level 16. HP: 78/78 MP: 31/33
 42986 | Snake:3  | Found Daefo's Antique Armour Shoppe.
 42986 | Snake:3  | Found Urywkam's Assorted Antiques.
 42986 | Snake:3  | Found Zoogoteo's Weapon Shoppe.
 42986 | Snake:3  | Found Huyguoco's Armour Shoppe.
 43552 | Snake:3  | Bought a +0 buckler of protection for 207 gold pieces
 43833 | Orc:1    | Bought a manual of Spellcasting for 960 gold pieces
 43857 | Orc:2    | Bought a +0 hat for 60 gold pieces
 43874 | Orc:2    | Bought a book of Alchemy for 420 gold pieces
 43874 | Orc:2    | You pick up a book of Alchemy and begin reading...
 43874 | Orc:2    | You add the spells Sublimation of Blood and Irradiate to
                  | your library.
 44113 | Snake:3  | Reached skill level 13 in Spellcasting
 44131 | Snake:3  | Reached skill level 11 in Dodging
 44369 | Snake:3  | Reached skill level 18 in Earth Magic
 44596 | Snake:3  | You add the spells Conjure Flame, Ignite Poison and Sticky
                  | Flame to your library.
 45038 | Snake:3  | Reached skill level 7 in Fighting
 45198 | Snake:3  | Reached skill level 14 in Spellcasting
 45989 | Snake:3  | Reached skill level 15 in Spellcasting
 46125 | Snake:3  | Reached ****** piety under Vehumet
 46252 | Snake:3  | Offered knowledge of Fire Storm by Vehumet.
 46252 | Snake:3  | Offered knowledge of Shatter by Vehumet.
 46252 | Snake:3  | Offered knowledge of Polar Vortex by Vehumet.
 46263 | Snake:3  | Learned a level 9 spell: Shatter
 46368 | Snake:4  | Entered Level 4 of the Snake Pit
 46592 | Snake:4  | Identified Roxanne's Compilation of Reformation
 46592 | Snake:4  | Noticed Roxanne
 46874 | Snake:4  | Killed Roxanne
 46964 | Snake:4  | You add the spells Blade Hands and Statue Form to your
                  | library.
 47012 | Snake:4  | Noticed Vashnia
 47083 | Snake:4  | HP: 20/80 [shock serpent/bolt of electricity (7)]
 47084 | Snake:4  | Shot with a bolt by Vashnia

Vanquished Creatures
  Roxanne (Snake:4)
  Kirke (Lair:3)
  A nagaraja (Snake:2)
  An orc warlord (Orc:2)
  Nessos (D:12)
  Azrael (D:12)
  The ghost of themarg the Spear-Bearer, a journeyman MfSu of Jiyva (Lair:3)
  Snorg (D:13)
  8 hydras
  Harold (D:11)
  A salamander tyrant (Snake:2)
  7 two-headed ogres
  3 boulder beetles
  A centaur warrior (D:13)
  12 naga warriors
  2 dancing weapons (D:14)
  A death knight (D:13)
  An anaconda (Snake:3)
  Urug (D:12)
  2 tengu warriors (D:14)
  5 death yaks (Lair:5)
  4 orc high priests (Orc:2)
  3 shock serpents (Snake:2)
  4 naga sharpshooters
  2 goliath frogs (Lair:5)
  A salamander mystic (Snake:3)
  A bog body (Lair:3)
  2 naga ritualists
  4 orc knights (Orc:2)
  5 mana vipers
  A deep elf pyromancer (D:13)
  15 salamanders
  7 cyclopes
  4 orc sorcerers (Orc:2)
  14 ugly things
  2 manticores
  11 elephants
  4 guardian serpents
  40 black mambas
  5 naga magi
  13 cane toads
  10 komodo dragons
  17 rime drakes
  A kobold demonologist (D:11)
  An efreet (D:14)
  A polar bear (Lair:5)
  9 trolls
  3 tyrant leeches (Lair:5)
  31 blink frogs
  24 slime creatures
  A spriggan (shapeshifter) (D:14)
  61 yaks
  2 vampires
  7 basilisks
  3 wyverns
  3 fire elementals (D:12)
  A hog (Lair:3)
  5 steam dragons
  23 vampire mosquitoes
  34 nagas
  2 wargs (Orc:2)
  3 swamp worms (Lair:3)
  19 water moccasins
  3 hell hounds
  An acid dragon (D:13)
  40 orc warriors
  An ice beast (D:4)
  A black bear (D:7)
  2 sky beasts
  15 ogres
  3 wolves (Lair:4)
  3 centaurs
  Blork the orc (D:4)
  22 bullfrogs
  A necrophage (D:7)
  4 gnoll sergeants
  2 scorpions
  22 wights
  10 killer bees
  3 electric eels
  3 howler monkeys
  2 gnoll boudas
  2 jellies
  30 orc priests
  4 hounds
  2 iguanas
  Terence (D:2)
  21 orc wizards
  4 hell rats (Lair:5)
  17 gnolls
  7 adders
  2 shadow imps
  A white imp (D:8)
  3 ufetubi
  A worm (D:3)
  5 dart slugs
  124 orcs
  9 ball pythons
  7 bats
  7 endoplasms
  9 giant cockroaches
  9 goblins
  6 hobgoblins
  9 jackals
  3 quokkas
  3 frilled lizards (D:1)
  11 kobolds
  2 rats
894 creatures vanquished.

Vanquished Creatures (others)
  An anaconda (Snake:3)
  A yak (Lair:3)
  4 humans (Lair:3)
  A water moccasin (Lair:3)
  3 ball lightnings (Lair:4)
  7 bushes
  52 fungi
  154 plants
223 creatures vanquished.

Grand Total: 1117 creatures vanquished

Table legend:
 A = Non-vault XP
 B = Vault XP
 C = Vault XP percentage of total XP
 D = Non-vault monster count
 E = Vault monster count
 F = Vault count percentage of total count
                 A         B        C        D         E       F
            +---------+---------+-------+---------+---------+-------
      Total |  131699 |   65995 |  33.4 |     596 |     298 |  33.3
            +---------+---------+-------+---------+---------+-------
        D:1 |      51 |       0 |   0.0 |      30 |       0 |   0.0
        D:2 |      24 |      36 |  60.0 |      13 |       1 |   7.1
        D:3 |      33 |      55 |  62.5 |       9 |       7 |  43.8
        D:4 |     178 |      99 |  35.7 |      21 |       1 |   4.5
        D:5 |     587 |       0 |   0.0 |      30 |       0 |   0.0
        D:6 |     559 |       0 |   0.0 |      24 |       0 |   0.0
        D:7 |    1256 |     175 |  12.2 |      21 |       9 |  30.0
        D:8 |    3043 |       0 |   0.0 |      37 |       0 |   0.0
        D:9 |    3725 |     394 |   9.6 |      39 |       1 |   2.5
       D:10 |    3757 |     801 |  17.6 |      24 |      20 |  45.5
       D:11 |    3517 |    1002 |  22.2 |      13 |       2 |  13.3
       D:12 |    4162 |    3700 |  47.1 |      18 |       8 |  30.8
       D:13 |    9798 |    1668 |  14.5 |      30 |       3 |   9.1
       D:14 |   15500 |    1654 |   9.6 |      37 |       2 |   5.1
     Lair:1 |    6592 |    2044 |  23.7 |      28 |       6 |  17.6
     Lair:2 |    6592 |    4192 |  38.9 |      20 |      14 |  41.2
     Lair:3 |    8538 |    7363 |  46.3 |      29 |      18 |  38.3
     Lair:4 |    7575 |     444 |   5.5 |      25 |       2 |   7.4
     Lair:5 |    9111 |   11064 |  54.8 |      29 |      44 |  60.3
    Snake:1 |    8392 |       0 |   0.0 |      20 |       0 |   0.0
    Snake:2 |   12825 |    2148 |  14.3 |      25 |       4 |  13.8
    Snake:3 |   23202 |    6255 |  21.2 |      51 |      14 |  21.5
    Snake:4 |    1120 |    2744 |  71.0 |       2 |       3 |  60.0
      Orc:1 |    1562 |    1093 |  41.2 |      21 |      12 |  36.4
      Orc:2 |       0 |   19064 | 100.0 |       0 |     127 | 100.0
            +---------+---------+-------+---------+---------+-------

Illustrated notes

Table legend:
 A = Kills in this place as a percentage of kills in entire the game.
 B = Kills by you in this place as a percentage of kills by you in the entire game.
 C = Kills by friends in this place as a percentage of kills by friends in the entire game.
 D = Other kills in this place as a percentage of other kills in the entire game.
 E = Experience gained in this place as a percentage of experience gained in the entire game.
 F = Experience gained in this place divided by the number of levels of this place that you have seen.
                   A       B       C       D       E      F
               +-------+-------+-------+-------+-------+----------------------
         Total | 100.0 | 100.0 |   N/A |   N/A | 100.0 | 7322.0
       Dungeon |  44.7 |  44.7 |   N/A |   N/A |  28.2 | 3718.3
          Lair |  24.0 |  24.0 |   N/A |   N/A |  32.1 | 12703.0
     Snake Pit |  13.3 |  13.3 |   N/A |   N/A |  28.7 | 14171.5
  Orcish Mines |  17.9 |  17.9 |   N/A |   N/A |  11.0 | 10859.5
               +-------+-------+-------+-------+-------+----------------------

Table legend: (Time is in decaauts)
 A = Elapsed time spent in this place.
 B = Non-inter-level travel time spent in this place.
 C = Inter-level travel time spent in this place.
 D = Time resting spent in this place.
 E = Time spent auto-exploring this place.
 F = Levels seen in this place.
 G = Mean time per level.
                   A        B        C        D        E       F      G
               +--------+--------+--------+--------+--------+-----+--------+
         Total |  38238 |  36500 |   1738 |  13570 |  15853 |  27 | 1416.2 |
       Dungeon |  17619 |  16797 |    822 |   5146 |   8391 |  15 | 1174.6 |
        Temple |     24 |     17 |      7 |      0 |      6 |   1 |   24.0 |
          Lair |  11254 |  10740 |    514 |   4526 |   4279 |   5 | 2250.8 |
     Snake Pit |   4889 |   4606 |    283 |   2218 |   1191 |   4 | 1222.2 |
  Orcish Mines |   4451 |   4341 |    110 |   1678 |   1983 |   2 | 2225.5 |
               +--------+--------+--------+--------+--------+-----+--------+

Top non-repeatable levels by time:
   Orc:2: 3473 daAuts
  Lair:3: 2849 daAuts
    D:13: 2601 daAuts
  Lair:5: 2453 daAuts
  Lair:4: 2099 daAuts
 Snake:2: 2085 daAuts
  Lair:1: 2062 daAuts
     D:9: 1929 daAuts
  Lair:2: 1789 daAuts
    D:10: 1699 daAuts
    D:12: 1698 daAuts
     D:7: 1575 daAuts
 Snake:3: 1575 daAuts
    D:14: 1417 daAuts
     D:5: 1113 daAuts
